 Dungeon Crawl Stone Soup version 0.23.2-40-g277498a001 (webtiles) character file.

Game seed: 1722077650371880912

7812 Exodus22XD the Eclecticist (level 11, -13/54 HPs)
             Began as a Deep Elf Wizard on Sept 20, 2019.
             Was a Believer of Vehumet.
             Mangled by Snorg (17 damage)
             ... on level 10 of the Dungeon.
             The game lasted 00:46:53 (12131 turns).

Exodus22XD the Eclecticist (Deep Elf Wizard)       Turns: 12131, Time: 00:46:55

Health: -13/54     AC:  5    Str:  4    XL:     11   Next: 1%
Magic:  0/32       EV: 13    Int: 27    God:    Vehumet [**....]
Gold:   485        SH:  0    Dex: 13    Spells: 29/40 levels left

rFire    + . .     SeeInvis .   I - +0 falchion (freeze)
rCold    + . .     Gourm    .   (no shield)
rNeg     . . .     Faith    .   u - +0 robe (curse)
rPois    .         Spirit   .   k - +0 helmet
rElec    .         Reflect  .   (no cloak)
rCorr    .         Harm     .   v - +0 pair of gloves
MR       +....                  x - +0 pair of boots
Stlth    ++........             (no amulet)
HPRegen  0.18/turn              w - ring of protection from fire
MPRegen  0.23/turn              B - ring of protection from cold

@: no status effects
A: no striking features
a: Renounce Religion


You were on level 10 of the Dungeon.
You worshipped Vehumet.
Vehumet was pleased with you.
You were not hungry.

You visited 2 branches of the dungeon, and saw 11 of its levels.

You collected 485 gold pieces.

Inventory:

Hand Weapons
 I - a +0 falchion of freezing (weapon)
Armour
 k - a +0 helmet (worn)
 u - a cursed +0 robe (worn)
 v - a +0 pair of gloves (worn)
 x - a +0 pair of boots (worn)
Jewellery
 w - a ring of protection from fire (left hand)
 y - an uncursed ring of flight
 B - a ring of protection from cold (right hand)
 D - an uncursed ring of protection from cold
Wands
 o - a wand of enslavement (3)
 p - a wand of flame (9)
 t - a wand of digging (8)
 A - a wand of polymorph (13)
 H - a wand of iceblast (7)
Scrolls
 a - a scroll of noise {unknown}
 c - 3 scrolls of amnesia {unknown}
 f - a scroll of enchant weapon {unknown}
 h - a scroll of enchant armour {unknown}
 i - a scroll of fear {unknown}
 l - 2 scrolls of immolation {unknown}
 m - 5 scrolls of identify {unknown}
 n - 4 scrolls of random uselessness {unknown}
 r - a scroll of fog {unknown}
 s - 4 scrolls of teleportation {unknown}
 C - a scroll of magic mapping {unknown}
 G - 2 scrolls of remove curse {unknown}
Potions
 b - 3 potions of degeneration {unknown}
 e - 3 potions of curing {unknown}
 g - a potion of berserk rage {unknown}
 j - 3 potions of agility
 q - a potion of resistance {unknown}
 z - a potion of mutation {unknown}
 E - a potion of flight {unknown}
 F - a potion of magic {unknown}
Comestibles
 d - 24 rations
 J - 3 chunks of flesh


   Skills:
 - Level 0.3 Long Blades
 - Level 2.4 Dodging
 - Level 2.4 Stealth
 - Level 15.1 Spellcasting
 - Level 12.3 Conjurations
 * Level 4.1 Summonings
 - Level 1.1 Translocations
 - Level 0.4 Evocations


You had 29 spell levels left.
You knew the following spells:

 Your Spells              Type           Power        Failure   Level  Hunger
a - Magic Dart            Conj           ####         0%          1    None
b - Call Imp              Summ           #####...     1%          2    None
c - Blink                 Tloc           N/A          2%          2    None
d - Conjure Flame         Conj/Fire      ######..     1%          3    None
e - Mephitic Cloud        Conj/Pois/Air  #####...     1%          3    None

Your spell library contained the following spells:

 Spells                   Type           Power        Failure   Level  Hunger
 Throw Flame              Conj/Fire      ######       1%          2    None
 Summon Butterflies       Summ           #####...     1%          1    None
 Call Canine Familiar     Summ           #####...     1%          3    None
 Slow                     Hex            ###.....     3%          2    None
 Summon Ice Beast         Ice/Summ       ####....     11%         4    None
 Summon Mana Viper        Hex/Summ       ####....     30%         5    None
 Summon Hydra             Summ           #####.....   99%         7    #####..


Dungeon Overview and Level Annotations

Branches:
Dungeon (10/15)            Temple (1/1) D:7
   Lair: D:8-11         Orc: D:9-12

Altars:
Ashenzari
Cheibriados
Dithmenos
Elyvilon
Fedhas
Gozag
Hepliaklqana
Kikubaaqudgha
Makhleb
Nemelex Xobeh
Okawaru
Qazlal
Ru
Sif Muna
Trog
Uskayaw
Vehumet
Wu Jian
Xom
Yredelemnul
Zin
The Shining One

Shops:
D:5 *   D:7 *   D:9 ?   D:10 =

Annotations:
D:7 exclusion: iron imp
D:10 Snorg


Message History

Here: Snorg (almost dead, berserk, fast, unusually strong)
The floor.
Aiming: Enslavement
Press: ? - help, Shift-Dir - straight line, f - Snorg
Aim: Snorg (almost dead, berserk, fast, unusually strong, chance to defeat MR: 16%)
Okay, then.
Aiming: Polymorph
Press: ? - help, Shift-Dir - straight line, f - Snorg
Aim: Snorg (almost dead, berserk, fast, unusually strong, chance to defeat MR: 16%)
Okay, then.
Evoke which item? (* to show all) (? for menu, Esc to quit)
Aiming: Iceblast
Press: ? - help, Shift-Dir - straight line The mass of ice explodes!
The iceblast engulfs Snorg!
Snorg is almost dead.
You hear a shout!
Snorg bites you!!
* * * LOW HITPOINT WARNING * * *
Snorg closely misses you. Snorg claws you!
You die...

..'.............#
..#############.#
..# #.# ..# #.##
### #..# ##.# #.#
# #.# #.# #@## ..
## ###T.####.##
.# +§..§§§....#
.# ####§§###..#
.###### ##.# ..#
# ......# #.##
T##.# .####.#
#..# .##.# .# #.#
##.##.... .# #.#
#..#..#


You could see Snorg (berserk).

Vanquished Creatures
  A two-headed ogre (D:8)
  A manticore (D:6)
  A kobold demonologist (D:9)
  A hornet (D:9)
  Sigmund (D:3)
  A wyvern (D:9)
  2 hungry ghosts (D:8)
  11 yaks
  Edmund (D:4)
  3 sky beasts
  2 orc warriors
  A hornet zombie (D:7)
  2 necrophages (D:10)
  A phantom (D:5)
  A centaur (D:10)
  6 ogres
  11 big kobolds (D:9)
  Blork the orc (D:6)
  5 bullfrogs
  A wyvern skeleton (D:7)
  4 howler monkeys
  4 electric eels (D:9)
  2 crimson imps
  A bullfrog zombie (D:5)
  4 hounds
  A jelly (D:9)
  3 orc priests
  A bullfrog skeleton (D:5)
  A centaur zombie (D:9)
  A gnoll shaman (D:9)
  14 orc wizards
  Ijyb (D:4)
  An iguana (D:8)
  8 worker ants
  2 hound zombies
  A hound skeleton (D:4)
  5 gnolls
  12 adders
  2 shadow imps
  2 oozes
  An adder zombie (D:7)
  2 worms
  3 dart slugs
  6 leopard geckos
  38 orcs
  2 ball pythons (D:2)
  12 bats
  4 giant cockroaches
  5 goblins
  9 hobgoblins
  7 jackals
  A quokka (D:6)
  3 frilled lizards
  A jackal skeleton (D:4)
  23 kobolds
  2 leopard gecko skeletons (D:4)
  A leopard gecko zombie (D:8)
  A quokka skeleton (D:4)
  5 rats
  A withered plant (D:9)
251 creatures vanquished.

Vanquished Creatures (collateral kills)
  Grinder (D:4)
  2 phantoms
3 creatures vanquished.

Vanquished Creatures (others)
  11 withered plants (D:9)
11 creatures vanquished.

Grand Total: 265 creatures vanquished

Notes
Turn   | Place    | Note
-------+----------+-------------------------------------------
     0 | D:1      | Exodus22XD the Deep Elf Wizard began the quest for the Orb.
     0 | D:1      | Reached XP level 1. HP: 10/10 MP: 7/7
   201 | D:1      | Reached XP level 2. HP: 15/15 MP: 2/9
   749 | D:1      | Reached XP level 3. HP: 19/19 MP: 5/10
  1261 | D:2      | Reached XP level 4. HP: 24/24 MP: 8/12
  1265 | D:2      | Learned a level 2 spell: Call Imp
  1268 | D:2      | Learned a level 2 spell: Blink
  1272 | D:2      | Learned a level 3 spell: Conjure Flame
  1276 | D:2      | Learned a level 3 spell: Mephitic Cloud
  1963 | D:3      | Reached XP level 5. HP: 28/28 MP: 10/13
  2085 | D:3      | Found a stormy altar of Qazlal.
  2439 | D:3      | Noticed Sigmund
  2446 | D:3      | Killed Sigmund
  2446 | D:3      | Reached skill level 6 in Spellcasting
  2446 | D:3      | Reached XP level 6. HP: 16/32 MP: 1/17
  2579 | D:3      | Found a faded altar of an unknown god.
  2603 | D:3      | Found a sparkling altar of Nemelex Xobeh.
  2816 | D:4      | Noticed Edmund
  2823 | D:4      | Noticed Grinder
  2951 | D:4      | Noticed Ijyb
  2987 | D:4      | Killed Ijyb
  2987 | D:4      | Reached skill level 7 in Spellcasting
  3198 | D:4      | Reached XP level 7. HP: 36/36 MP: 13/20
  3351 | D:4      | Reached skill level 5 in Conjurations
  3486 | D:4      | Killed Grinder
  3860 | D:4      | Killed Edmund
  4322 | D:5      | Entered Level 5 of the Dungeon
  4377 | D:5      | Found Saxiwn Gesi's General Store.
  4544 | D:5      | Reached XP level 8. HP: 28/41 MP: 1/21
  4659 | D:5      | Reached skill level 8 in Spellcasting
  5047 | D:6      | Noticed a manticore
  5235 | D:6      | Reached skill level 9 in Spellcasting
  5424 | D:6      | Reached skill level 10 in Spellcasting
  5491 | D:6      | Killed a manticore
  5491 | D:6      | Reached skill level 11 in Spellcasting
  5752 | D:6      | Noticed Blork the orc
  5760 | D:6      | Killed Blork the orc
  5769 | D:6      | Reached XP level 9. HP: 45/45 MP: 8/26
  5879 | D:6      | Found a sacrificial altar of Ru.
  6725 | D:7      | Found a staircase to the Ecumenical Temple.
  6733 | Temple   | Entered the Ecumenical Temple
  7572 | D:7      | Found a glowing silver altar of Zin.
  7572 | D:7      | Found Zin's Purification Station.
  7687 | D:7      | Reached skill level 10 in Conjurations
  8173 | D:8      | Noticed a two-headed ogre
  8194 | D:8      | Killed a two-headed ogre
  8473 | D:8      | Reached XP level 10. HP: 50/50 MP: 9/27
  8847 | D:8      | Found a deep blue altar of Sif Muna.
  8852 | D:8      | Found a radiant altar of Vehumet.
  8852 | D:8      | Found a shadowy altar of Dithmenos.
  8860 | D:8      | Became a worshipper of Vehumet
  9755 | D:9      | HP: 2/50 [electric eel/bolt of electricity (11)]
 10071 | D:9      | Reached skill level 12 in Spellcasting
 10077 | D:9      | Reached * piety under Vehumet
 10077 | D:9      | Offered knowledge of Sting by Vehumet.
 10094 | D:9      | Reached skill level 13 in Spellcasting
 10257 | D:9      | Reached skill level 14 in Spellcasting
 10585 | D:9      | Found an ancient bone altar of Kikubaaqudgha.
 10653 | D:9      | Found Qarr's Magic Scroll Shop.
 11007 | D:9      | Offered knowledge of Throw Flame by Vehumet.
 11037 | D:9      | Reached ** piety under Vehumet
 11339 | D:9      | Reached skill level 15 in Spellcasting
 11561 | D:10     | Entered Level 10 of the Dungeon
 11868 | D:10     | Found Xuopligu's Jewellery Shop.
 11919 | D:10     | Reached XP level 11. HP: 54/54 MP: 20/32
 12110 | D:10     | Noticed Snorg
 12131 | D:10     | Mangled by Snorg

Skill      XL: |  1  2  3  4  5  6  7  8  9 10 |
---------------+-------------------------------+-----
Conjurations   | 2 3 4 7 8 12 | 12.3
Summonings     | 3 4 |  4.1
Spellcasting   | 6 7 11 15 | 15.1
Long Blades    | |  0.3
Dodging        | |  2.4
Stealth        | |  2.4
Translocations | |  1.1
Evocations     | |  0.4

Action                   |  1- 3 |  4- 6 |  7- 9 | 10-12 || total
-------------------------+-------+-------+-------+-------++-------
Melee: Dagger            |       |    14 |     8 |       ||    22
       Rapier            |       |       |     4 |       ||     4
       Falchion          |       |       |     5 |    24 ||    29
 Cast: Magic Dart        |    85 |   145 |   341 |   216 ||   787
       Blink             |       |     3 |     3 |     6 ||    12
       Mephitic Cloud    |       |     3 |    18 |    31 ||    52
       Conjure Flame     |       |     2 |    29 |    33 ||    64
       Call Imp          |       |       |    14 |     7 ||    21
Evoke: Wand              |       |       |    16 |     1 ||    17
  Use: Potion            |       |       |       |     1 ||     1
 Stab: Confused          |       |       |     2 |     3 ||     5
  Eat: Chunk             |     1 |     6 |    16 |     7 ||    30
       Ration            |       |       |       |     1 ||     1
Armor: Robe              |     2 |     2 |    10 |    11 ||    25
Dodge: Dodged            |     7 |    23 |    49 |    44 ||   123
       Rpst.: Falchion   |       |       |     2 |    10 ||    12
